 Dungeon Crawl Stone Soup version 0.31.0-12-g77e489cdc1 (webtiles) character file.

Game seed: 12086789134115650313

731 Gadfly the Shooter (level 8, -5/72 HPs)
             Began as a Kobold Hunter on Feb 25, 2024.
             Slain by Pikel
             ... wielding a +2 whip of electrocution
              (7 damage)
             ... on level 5 of the Dungeon.
             The game lasted 00:05:47 (3660 turns).

Gadfly the Shooter (Kobold Hunter)                  Turns: 3660, Time: 00:05:47

Health: -5/72      AC: 24    Str:  8    XL:     8   Next: 3%
Magic:  8/8        EV:  3    Int: 10    God:
Gold:   239        SH:  0    Dex: 21    Spells: 7/7 levels left

rFire   . . .        b - +1 short sword (drain)
rCold   . . .        (no shield)
rNeg    . . .        n - melded +2 robe {Will+}
rPois   +            l - melded +1 helmet
rElec   .            (cloak currently unavailable)
rCorr   .            (gloves currently unavailable)
SInv    .            (boots currently unavailable)
Will    .....        (no amulet)
Stlth   +++          g - ring of poison resistance
HPRegen 0.32/turn    (no ring)
MPRegen 0.11/turn

%: no passive effects
@: tree-form (expiring)
A: stationary, stasis, torment immunity, boosted hp, small, no large weapons,
nightstalker 3
a: no special abilities


You were on level 5 of the Dungeon.
You were a tree.
You visited 1 branch of the dungeon, and saw 5 of its levels.

You collected 239 gold pieces.

Inventory:

Hand Weapons
 a - a +0 shortbow
 b - a +1 short sword of draining (weapon)
Armour
 l - a +1 helmet (melded)
 n - a +2 robe of willpower (melded)
Jewellery
 g - a ring of poison resistance (left branch)
Scrolls
 d - a scroll of identify
 f - a scroll of fog
 p - a scroll of enchant armour
Potions
 c - a potion of haste
 e - a potion of curing
 i - a potion of heal wounds
 j - a potion of attraction
 k - a potion of might
 m - a potion of invisibility {unknown}
 o - a potion of cancellation {unknown}


   Skills:
 + Level 4.5 Fighting
 + Level 7.2 Ranged Weapons
 + Level 4.9 Dodging
 - Level 1.3 Stealth
 * Level 6.1 Evocations


You had 7 spell levels left.
You didn't know any spells.
Your spell library contained the following spells:

 Spells                   Type           Power      Damage    Failure   Level
 Summon Small Mammal      Summ           0%         N/A       36%         1
 Call Canine Familiar     Summ           0%         N/A       75%         3
 Anguish                  Hex/Necr       0%         N/A       98%         4
 Cause Fear               Hex            0%         N/A       98%         4
 Summon Blazeheart Golem  Fire/Summ      0%         N/A       98%         4
 Enfeeble                 Hex            0%         N/A       100%        7


Dungeon Overview and Level Annotations

Branches:
Dungeon (5/15)
 Temple: D:4-7

Altars:
Kikubaaqudgha
Okawaru
Ru
Uskayaw
The Shining One

Shops:
D:4 *

Annotations:
D:5 Duvessa, Pikel


Innate Abilities, Weirdness & Mutations

You are a tree.
Your roots penetrate the ground, keeping you stationary.
You cannot be teleported.
You are immune to unholy pain and torment.
Your maximum health is greatly increased.
Your equipment is partially melded.
You are small and have problems with some larger weapons.
You are completely attuned to the shadows.


Message History

You feel less strong-willed.
Your roots penetrate the ground.
Pikel hits you but does no damage. The lemure completely misses you.
The lemure hits you.
You hit Pikel.
Pikel is lightly wounded.
Pikel hits you but does no damage. The lemure hits you but does no damage.
The lemure completely misses you.
You closely miss Pikel.
Pikel is lightly wounded.
Pikel hits you but does no damage.
The lemure hits you but does no damage. x2
You hit Pikel. You drain Pikel.
Pikel is moderately wounded.
Pikel hits you with a +2 whip of electrocution!
* * * LOW HITPOINT WARNING * * *
The lemure hits you but does no damage. The lemure completely misses you.
You barely miss Pikel.
Pikel is moderately wounded.
A water moccasin comes into view.
Pikel hits you with a +2 whip of electrocution!
* * * LOW HITPOINT WARNING * * *
The lemure barely misses you. x2; The water moccasin moves out of view.
You hit Pikel but do no damage.
Pikel is moderately wounded.
Pikel barely misses you. The lemure hits you.
* * * LOW HITPOINT WARNING * * *
The lemure hits you but does no damage.
You hit Pikel but do no damage.
Pikel is moderately wounded.
Pikel hits you but does no damage.
The lemure hits you but does no damage. x2
Unknown command.
You feel better. Pikel hits you but does no damage.
You are electrocuted!
* * * LOW HITPOINT WARNING * * *
The lemure hits you but does no damage. The lemure hits you.
* * * LOW HITPOINT WARNING * * *
You hit Pikel but do no damage.
Pikel is moderately wounded.
Your transformation is almost over.
Pikel hits you with a +2 whip of electrocution!
You die...
Pikel says, "See you in Hell!"

######## ...#
#.##♣Ke## ...#
#...###..#55..!.
..###...)...#..5.....
##.>......##..........
.#.........#.........S
.....................
..................##
............###..#
.#....^......# #.


You could see Pikel (drained), Duvessa and 3 lemures.

Vanquished Creatures
  Sigmund (D:2)
  2 ogres (D:4)
  A lemure (D:5)
  A scorpion (D:3)
  A jelly (D:4)
  Natasha (thrice) (D:4)
  2 orc wizards
  4 adders
  3 gnolls (D:4)
  3 ribbon worms
  A dart slug (D:2)
  14 orcs
  7 ball pythons
  11 endoplasms
  2 giant cockroaches (D:3)
  7 goblins
  8 hobgoblins
  11 jackals
  A quokka (D:4)
  10 bats
  4 frilled lizards
  10 kobolds
  5 rats
112 creatures vanquished.

Notes
Turn   | Place    | Note
-------+----------+-------------------------------------------
     0 | D:1      | Gadfly the Kobold Hunter began the quest for the Orb.
     0 | D:1      | Reached XP level 1. HP: 12/12 MP: 1/1
    98 | D:1      | Reached skill level 1 in Evocations
    98 | D:1      | Reached XP level 2. HP: 13/18 MP: 2/2
   295 | D:1      | Found a faded altar of an unknown god.
   789 | D:1      | Reached XP level 3. HP: 22/22 MP: 3/3
  1186 | D:2      | Reached XP level 4. HP: 24/27 MP: 4/4
  1525 | D:2      | Noticed Sigmund
  1537 | D:2      | Killed Sigmund
  1538 | D:2      | Reached skill level 6 in Ranged Weapons
  1538 | D:2      | Reached XP level 5. HP: 28/32 MP: 5/5
  1538 | D:2      | Reached XP level 6. HP: 32/37 MP: 6/6
  2313 | D:3      | Reached XP level 7. HP: 42/42 MP: 7/7
  2323 | D:3      | Found an ancient bone altar of Kikubaaqudgha.
  2330 | D:3      | Found a hide-covered altar of Uskayaw.
  2335 | D:3      | Found an iron altar of Okawaru.
  2536 | D:3      | Found a glowing golden altar of the Shining One.
  2550 | D:3      | Found a sacrificial altar of Ru.
  2697 | D:4      | Reached skill level 5 in Evocations
  3145 | D:4      | Noticed Natasha
  3151 | D:4      | Killed Natasha
  3185 | D:4      | Reached skill level 7 in Ranged Weapons
  3254 | D:4      | Found Uzestrom's Serpentskin Sales.
  3388 | D:4      | Noticed Natasha
  3390 | D:4      | Killed Natasha
  3395 | D:4      | Reached XP level 8. HP: 48/48 MP: 8/8
  3599 | D:4      | Noticed Natasha
  3607 | D:4      | Killed Natasha
  3614 | D:5      | Entered Level 5 of the Dungeon
  3641 | D:5      | Noticed Pikel
  3648 | D:5      | Noticed Duvessa
  3659 | D:5      | HP: 2/72 [lemure[Pikel] (5)]
  3660 | D:5      | Slain by Pikel

Illustrated notes

Levels and vault maps discovered:
D:1:      onia_arrival_handbag, layout_basic, chequers_ecumenical_altar_island
D:2:      layout_rooms, minmay_misc_feat_tiny, minmay_diced_spiral, uniq_sigmund
D:3:      layout_rooms, nicolae_overflow_macrodata_refinement,
          mainiacjoe_overflow_alcove_2, kennysheep_generic_room_9
D:4:      layout_basic, guppyfry_shop_venom, uniq_natasha
D:5:      layout_cave_pools, temple_pool_b, uniq_pikel, uniq_duvessa,
          uniq_blork_the_orc

Skill      XL: |  1  2  3  4  5  6  7 |
---------------+----------------------+-----
Evocations     | 1 2 4 6 |  6.1
Dodging        | 3 4 |  4.9
Fighting       | 3 4 |  4.5
Ranged Weapons | 6 7 |  7.2
Stealth        | |  1.3

Action                     |  1- 3 |  4- 6 |  7- 9 || total
---------------------------+-------+-------+-------++-------
  Melee: Short sword       |    20 |    12 |     7 ||    39
   Fire: Shortbow          |    83 |   123 |   144 ||   350
    Use: Scroll            |     5 |     5 |     1 ||    11
         Potion            |       |     3 |     3 ||     6
 Armour: Leather armour    |    37 |    10 |       ||    47
         Skin              |       |     3 |    19 ||    22
         Robe              |       |    51 |    44 ||    95
  Dodge: Dodged            |    59 |    72 |    69 ||   200
